AoeStats
← Bigcityboydn_™

Arabia

508412697Analyzed
1v1 RM · 10d ago on Sep 22, 2026· 30m 59s· 2 players
Game mode
Random Map
Map size
Tiny (2 player)
Population
200
Speed
Normal
Resources
Standard
Victory
Conquest
Starting age
Dark Age
Ending age
Imperial Age
RankedLock teamsTeams togetherTeam positionsShared explorationLock speedFull tech treeHidden civsTurbo modeCheats
Victory
Defeat
🇧🇬 Ethiopians · Bulgaria
1675
+14
🇦🇷 Mongols · Argentina
1639
-14
Bigcityboydn_™
8:04 Feudal Age
9:08 Double-Bit Axe
10:35 Loom
10:41 Horse Collar
14:31 Wheelbarrow
21:02 Castle Age
19:22 Fletching
20:38 Padded Archer Armor
21:46 Bodkin Arrow
22:13 Town Watch
22:54 Bow Saw
23:51 Wheelbarrow
23:28 Elite Skirmisher
24:51 Leather Archer Armor
29:21 Ballistics
30:39 Scale Barding Armor
Bilbo Bagains
6:38 Loom
9:28 Feudal Age
12:12 Double-Bit Axe
14:21 Fletching
21:44 Castle Age
20:12 Gold Mining
20:04 Horse Collar
21:51 Padded Archer Armor
21:50 Crossbowman
22:26 Bodkin Arrow
22:46 Bow Saw
23:43 Wheelbarrow
24:23 Ballistics
30:50 Hand Cart
30:20 Town Watch
Connection lost

Rejoining the realm…

Still unreachable

The connection could not be restored.

Session expired

The server has moved on; the page needs a fresh start.